 Dungeon Crawl Stone Soup version 0.21.1-1-g345015f (webtiles) character file.

7563 erloom the Magician (level 11, 0/83 HPs)
             Began as a Gnoll Wanderer on Mar 3, 2018.
             Was a High Priest of Okawaru.
             Slain by a polar bear (3 damage)
             ... on level 9 of the Dungeon.
             The game lasted 00:36:27 (13742 turns).

erloom the Magician (Gnoll Wanderer)               Turns: 13742, Time: 00:36:27

Health: 0/83       AC: 11    Str: 16    XL:     11   Next: 17%
Magic:  22/22      EV: 11    Int: 24    God:    Okawaru [*****.]
Gold:   476        SH: 12    Dex: 13    Spells: 25/25 levels left

rFire    . . .     SeeInvis .   s - +3 spear (pierce)
rCold    . . .     Gourm    .   z - +2 shield
rNeg     . . .     Faith    .   d - +0 scale mail
rPois    .         Spirit   .   u - +0 helmet
rElec    .         Reflect  .   v - +0 cloak
rCorr    .         Harm     +   J - +0 pair of gloves
MR       +....                  (no boots)
Stlth    ++........             T - amulet of Oskifi Ikob {Harm *Drain +Fly MR+ Int+6 Slay+3}
HPRegen  0.23/turn              (no ring)
MPRegen  0.18/turn              (no ring)

@: no status effects
A: distributed training, fangs 1, strong nose
a: Heroism, Finesse, Renounce Religion, Evoke Flight


You were on level 9 of the Dungeon.
You worshipped Okawaru.
Okawaru was extremely pleased with you.
You were not hungry.

You visited 2 branches of the dungeon, and saw 11 of its levels.
You also visited: Ossuary.

You collected 489 gold pieces.
You spent 13 gold pieces at shops.

Inventory:

Hand Weapons
 i - a +0 hunting sling
 s - a +3 spear of piercing (weapon)
 t - a +2 scimitar
 C - a +4 long sword
 D - a +0 blowgun
 L - a cursed +3 battleaxe
 N - a +2 battleaxe
 P - a cursed -3 dire flail
 W - a +1 trident of protection
Missiles
 q - 257 stones (quivered)
 r - 35 poisoned needles
 E - 6 curare-tipped needles
 F - 2 tomahawks
Armour
 d - a +0 scale mail (worn)
 u - a +0 helmet (worn)
 v - a +0 cloak (worn)
 z - a +2 shield (worn)
 J - a +0 pair of gloves (worn)
Jewellery
 H - an uncursed ring of wizardry
 T - the amulet of Oskifi Ikob (around neck) {Harm *Drain +Fly MR+ Int+6 Slay+3}
   (You found it on level 8 of the Dungeon)

   [amulet of harm]

   It increases damage dealt and taken.
   It affects your intelligence (+6).
   It affects your accuracy and damage with ranged weapons and melee attacks
   (+3).
   It affects your resistance to hostile enchantments.
   It lets you fly.
   It causes draining when unequipped.
Wands
 p - a wand of polymorph (11)
Scrolls
 h - 4 scrolls of teleportation
 j - a scroll of random uselessness
 k - a scroll of magic mapping
 n - a scroll of holy word {unknown}
 y - 2 scrolls of amnesia
 M - a scroll of blinking
 Q - a scroll of silence {unknown}
 S - a scroll of immolation {unknown}
 U - a scroll of fog {unknown}
Potions
 a - a potion of berserk rage {unknown}
 c - 5 potions of curing
 e - 7 potions of lignification {unknown}
 g - 5 potions of agility {unknown}
 m - 3 potions of might {unknown}
 o - 4 potions of heal wounds
 w - a potion of resistance
 x - a potion of cancellation {unknown}
 A - 3 potions of mutation {unknown}
 B - 3 potions of brilliance {unknown}
 G - a potion of experience {unknown}
 I - 2 potions of flight {unknown}
 K - a potion of haste {unknown}
 R - a potion of invisibility {unknown}
Books
 b - Sif Muna's Guide on Flight

   Spells                             Type                      Level
   a - Shock                          Conjuration/Air              1
   b - Mephitic Cloud                 Conjuration/Poison/Air       3
Comestibles
 f - 9 rations


   Skills:
 + Level 6.5 Fighting
 + Level 5.9 Short Blades
 + Level 5.9 Long Blades
 + Level 5.9 Axes
 + Level 5.9 Maces & Flails
 + Level 6.5 Polearms
 + Level 5.9 Staves
 + Level 5.9 Slings
 + Level 5.9 Bows
 + Level 5.9 Crossbows
 + Level 5.9 Throwing
 + Level 5.9 Armour
 + Level 6.5 Dodging
 + Level 5.9 Stealth
 + Level 6.5 Shields
 + Level 5.9 Unarmed Combat
 + Level 7.8 Spellcasting
 + Level 4.9 Conjurations
 + Level 4.9 Hexes
 + Level 4.9 Charms
 + Level 4.9 Summonings
 + Level 4.9 Necromancy
 + Level 4.9 Translocations
 + Level 4.9 Transmutations
 + Level 4.9 Fire Magic
 + Level 5.4 Ice Magic
 + Level 4.9 Air Magic
 + Level 4.9 Earth Magic
 + Level 6.3 Poison Magic
 + Level 6.5 Invocations
 + Level 6.5 Evocations


You had 25 spell levels left.
You didn't know any spells.

Dungeon Overview and Level Annotations

Branches:
Dungeon (10/15)            Temple (0/1) D:7            Lair (1/6) D:8
    Orc: D:9-12

Altars:
Elyvilon
Fedhas
Gozag
Makhleb
Nemelex Xobeh
Okawaru
Ru
Xom
Yredelemnul
Zin
The Shining One

Shops:
D:10 !

Annotations:
D:8 1 transporter


Innate Abilities, Weirdness & Mutations

Your experience applies equally to all skills.
You have very sharp teeth.
Your uncanny sense of smell can sniff out nearby items.


Message History

The polar bear barely misses you. You block the polar bear's attack. x2
You hit the polar bear.
The polar bear is severely wounded.
The polar bear closely misses you. The polar bear claws you.
The polar bear claws you but does no damage.
You hit the polar bear. You bite the polar bear.
The polar bear is severely wounded.
The polar bear goes berserk!
You closely miss the polar bear.
You bite the polar bear, but do no damage.
The polar bear is severely wounded.
You block the polar bear's attack.
The polar bear claws you but does no damage.
The polar bear closely misses you.
You hit the polar bear.
The polar bear is almost dead.
The polar bear bites you!!
* * * LOW HITPOINT WARNING * * *
The polar bear barely misses you. The polar bear claws you.
You die...

.#.................###........#
............#####..###........#
..........### #...##........#
###.....#### #...##........# #
#####....######...##.......##
#............##..##......##
#............<...##......# #
##...............###....## #
#...........@h...##....# #
##.............#########
##...........## #############


You could see a polar bear (berserk).

Vanquished Creatures
  3 two-headed ogres
  A cyclops (D:9)
  Joseph (D:8)
  Grinder (D:6)
  Prince Ribbit (D:7)
  A hippogriff (D:9)
  A spriggan (D:8)
  Duvessa (D:7)
  A sky beast (D:8)
  A black bear (D:8)
  A necrophage (D:7)
  2 orc warriors
  3 ice beasts
  A phantom (D:5)
  5 ogres
  A wolf (D:10)
  A crocodile (D:9)
  5 centaurs
  3 bullfrogs
  A big kobold (D:7)
  2 water moccasin zombies (Ossuary)
  Dowan (D:7)
  3 scorpions
  A water moccasin skeleton (D:4)
  5 wights (D:7)
  A howler monkey (D:4)
  2 crimson imps
  A centaur zombie (D:5)
  2 quasits
  A bullfrog zombie (D:9)
  A bullfrog skeleton (D:7)
  A centaur skeleton (D:5)
  2 hounds (D:8)
  3 jellies
  2 orc priests
  4 orc wizards
  A wyvern simulacrum (D:10)
  2 iguanas
  12 worker ants
  5 big kobold zombies (Ossuary)
  A bullfrog simulacrum (D:10)
  2 mummies (Ossuary)
  A hound zombie (D:5)
  2 hound skeletons
  Robin (D:2)
  A gnoll (D:1)
  7 adders
  2 shadow imps (D:7)
  6 adder zombies
  4 adder skeletons
  A dart slug (D:2)
  6 leopard geckos
  20 orcs
  6 bats
  13 giant cockroaches
  4 gnoll zombies (Ossuary)
  18 goblins
  4 hobgoblins
  11 jackals
  3 quokkas
  A ball python (D:2)
  3 frilled lizards
  A hobgoblin zombie (Ossuary)
  14 kobolds
  7 kobold zombies (Ossuary)
  A leopard gecko zombie (D:5)
  7 orc zombies (Ossuary)
  A quokka zombie (D:5)
  12 rats
247 creatures vanquished.

Vanquished Creatures (others)
  A hippogriff (D:10)
1 creature vanquished.

Grand Total: 248 creatures vanquished

Notes
Turn   | Place    | Note
-------+----------+-------------------------------------------
     0 | D:1      | erloom the Gnoll Wanderer began the quest for the Orb.
     0 | D:1      | erloom set off with: a +2 spear, Sif Muna's Guide on Flight, a potion of curing, a +0 robe, a ration
     0 | D:1      | Reached XP level 1. HP: 17/17 MP: 6/6
    58 | D:1      | Reached XP level 2. HP: 23/23 MP: 7/7
   427 | D:1      | Reached XP level 3. HP: 24/28 MP: 9/9
   447 | D:1      | Reached skill level 5 in Spellcasting
   805 | D:1      | Reached skill level 1 in Invocations
  1213 | D:2      | Found a sparkling altar of Nemelex Xobeh.
  1256 | D:2      | Noticed Robin
  1274 | D:2      | Reached skill level 1 in Short Blades
  1274 | D:2      | Reached skill level 1 in Long Blades
  1274 | D:2      | Reached skill level 1 in Axes
  1274 | D:2      | Reached skill level 1 in Maces & Flails
  1274 | D:2      | Reached skill level 1 in Staves
  1274 | D:2      | Reached skill level 1 in Slings
  1274 | D:2      | Reached skill level 1 in Bows
  1274 | D:2      | Reached skill level 1 in Crossbows
  1274 | D:2      | Reached skill level 1 in Throwing
  1274 | D:2      | Reached skill level 1 in Armour
  1274 | D:2      | Reached skill level 1 in Stealth
  1274 | D:2      | Reached skill level 1 in Unarmed Combat
  1281 | D:1      | Reached XP level 4. HP: 11/34 MP: 11/11
  1694 | D:2      | Killed Robin
  1911 | D:2      | Found an iron altar of Okawaru.
  1924 | D:2      | Became a worshipper of Warmaster Okawaru
  1952 | D:2      | Reached skill level 1 in Conjurations
  1952 | D:2      | Reached skill level 1 in Hexes
  1952 | D:2      | Reached skill level 1 in Charms
  1952 | D:2      | Reached skill level 1 in Summonings
  1952 | D:2      | Reached skill level 1 in Necromancy
  1952 | D:2      | Reached skill level 1 in Translocations
  1952 | D:2      | Reached skill level 1 in Transmutations
  1952 | D:2      | Reached skill level 1 in Fire Magic
  1952 | D:2      | Reached skill level 1 in Air Magic
  1952 | D:2      | Reached skill level 1 in Earth Magic
  2067 | D:2      | Noticed an angel
  2068 | D:2      | Found a shimmering altar of Xom.
  2071 | D:2      | Found a glowing silver altar of Zin.
  3063 | D:3      | Reached XP level 5. HP: 40/40 MP: 12/12
  3115 | D:3      | Found a faded altar of an unknown god.
  3894 | D:4      | Reached XP level 6. HP: 42/47 MP: 13/13
  4766 | D:5      | Entered Level 5 of the Dungeon
  4790 | D:5      | Reached * piety under Okawaru
  4804 | D:5      | Reached XP level 7. HP: 23/52 MP: 15/15
  5669 | D:5      | Reached ** piety under Okawaru
  5745 | D:5      | Reached XP level 8. HP: 60/60 MP: 16/16
  6341 | D:5      | Reached skill level 6 in Spellcasting
  7609 | D:6      | Noticed Grinder
  7630 | D:6      | Killed Grinder
  7776 | D:6      | Reached XP level 9. HP: 54/66 MP: 18/18
  8488 | D:7      | Found Heazuc's Magic Scroll Shoppe.
  8488 | D:7      | Noticed Prince Ribbit
  8509 | D:7      | Killed Prince Ribbit
  8509 | D:7      | Reached *** piety under Okawaru
  8509 | D:7      | Reached skill level 5 in Poison Magic
  8912 | D:7      | Noticed Dowan
  8914 | D:7      | Noticed Duvessa
  8940 | D:7      | Killed Duvessa
  8960 | D:7      | Killed Dowan
  9065 | D:7      | Reached skill level 5 in Fighting
  9065 | D:7      | Reached skill level 5 in Polearms
  9065 | D:7      | Reached skill level 5 in Dodging
  9065 | D:7      | Reached skill level 5 in Shields
  9065 | D:7      | Reached skill level 5 in Evocations
  9477 | D:7      | Found a burning altar of Makhleb.
  9785 | D:7      | Found a staircase to the Ecumenical Temple.
 10410 | D:8      | Reached skill level 5 in Invocations
 10479 | D:8      | Found a sand-covered staircase.
 10489 | Ossuary  | Entered an ossuary
 10554 | Ossuary  | Reached **** piety under Okawaru
 10783 | D:8      | Identified Sif Muna's Guide on Flight
 10820 | D:8      | Found a staircase to the Lair.
 10855 | D:8      | Reached skill level 7 in Spellcasting
 10855 | D:8      | Reached XP level 10. HP: 60/74 MP: 20/20
 10921 | D:8      | Got a wavering bronze amulet
 11053 | D:8      | Noticed a two-headed ogre
 11068 | D:8      | Killed a two-headed ogre
 11068 | D:8      | Reached skill level 5 in Short Blades
 11068 | D:8      | Reached skill level 5 in Long Blades
 11068 | D:8      | Reached skill level 5 in Axes
 11068 | D:8      | Reached skill level 5 in Maces & Flails
 11068 | D:8      | Reached skill level 5 in Staves
 11068 | D:8      | Reached skill level 5 in Slings
 11068 | D:8      | Reached skill level 5 in Bows
 11068 | D:8      | Reached skill level 5 in Crossbows
 11068 | D:8      | Reached skill level 5 in Throwing
 11068 | D:8      | Reached skill level 5 in Armour
 11068 | D:8      | Reached skill level 5 in Stealth
 11068 | D:8      | Reached skill level 5 in Unarmed Combat
 11369 | D:8      | Found the +10 dark maul {crush}
 11373 | D:8      | Found a transporter.
 11513 | D:8      | Noticed Joseph
 11545 | D:8      | Killed Joseph
 11981 | D:9      | Reached skill level 5 in Ice Magic
 12056 | D:9      | Got a bloodstained helmet
 12099 | D:9      | Noticed a two-headed ogre
 12244 | Lair:1   | Entered Level 1 of the Lair of Beasts
 12452 | D:9      | Noticed a cyclops
 12470 | D:9      | Killed a cyclops
 12657 | D:9      | Killed a two-headed ogre
 12657 | D:9      | Reached ***** piety under Okawaru
 13071 | D:9      | Reached XP level 11. HP: 56/82 MP: 22/22
 13184 | D:9      | Noticed a two-headed ogre
 13204 | D:9      | Killed a two-headed ogre
 13429 | D:9      | Found an opulent altar of Gozag.
 13430 | D:9      | Found a basalt altar of Yredelemnul.
 13430 | D:9      | Found a white marble altar of Elyvilon.
 13430 | D:9      | Found a glowing golden altar of the Shining One.
 13437 | D:9      | Found a sacrificial altar of Ru.
 13439 | D:9      | Found a blossoming altar of Fedhas.
 13591 | D:9      | Identified the +1 helmet of Tenacity {*Corrode MR+ Str+3} (You found it on level 9 of the Dungeon)
 13603 | D:9      | Identified the amulet of Oskifi Ikob {Harm *Drain +Fly MR+ Int+6 Slay+3} (You found it on level 8 of the Dungeon)
 13661 | D:10     | Entered Level 10 of the Dungeon
 13672 | D:10     | Found Zases's Distillery.
 13679 | D:10     | Bought a potion of degeneration for 13 gold pieces
 13742 | D:9      | HP: 3/83 [polar bear (30)]
 13742 | D:9      | Slain by a polar bear

Skill      XL: |  1  2  3  4  5  6  7  8  9 10 |
---------------+-------------------------------+-----
Ice Magic      | 2 3 4 5 |  5.4
Spellcasting   | 5 6 7 |  7.8
Invocations    | 1 2 3 4 5 6 |  6.5
Short Blades   | 1 2 3 4 5 |  5.9
Long Blades    | 1 2 3 4 5 |  5.9
Axes           | 1 2 3 4 5 |  5.9
Maces & Flails | 1 2 3 4 5 |  5.9
Staves         | 1 2 3 4 5 |  5.9
Slings         | 1 2 3 4 5 |  5.9
Bows           | 1 2 3 4 5 |  5.9
Crossbows      | 1 2 3 4 5 |  5.9
Throwing       | 1 2 3 4 5 |  5.9
Armour         | 1 2 3 4 5 |  5.9
Stealth        | 1 2 3 4 5 |  5.9
Unarmed Combat | 1 2 3 4 5 |  5.9
Conjurations   | 1 2 3 4 |  4.9
Hexes          | 1 2 3 4 |  4.9
Charms         | 1 2 3 4 |  4.9
Summonings     | 1 2 3 4 |  4.9
Necromancy     | 1 2 3 4 |  4.9
Translocations | 1 2 3 4 |  4.9
Transmutations | 1 2 3 4 |  4.9
Fire Magic     | 1 2 3 4 |  4.9
Air Magic      | 1 2 3 4 |  4.9
Earth Magic    | 1 2 3 4 |  4.9
Fighting       | 3 4 5 6 |  6.5
Polearms       | 3 4 5 6 |  6.5
Dodging        | 3 4 5 6 |  6.5
Shields        | 3 4 5 6 |  6.5
Evocations     | 3 4 5 6 |  6.5
Poison Magic   | 4 5 6 |  6.3

Action                   |  1- 3 |  4- 6 |  7- 9 | 10-12 || total
-------------------------+-------+-------+-------+-------++-------
Melee: Spear             |   104 |   225 |   743 |   329 ||  1401
       Bite              |     5 |    30 |    92 |    41 ||   168
Invok: Heroism           |       |       |     4 |     5 ||     9
  Use: Scroll            |       |       |     9 |     4 ||    13
       Potion            |       |       |     1 |       ||     1
 Stab: Sleeping          |     5 |     5 |     6 |       ||    16
  Eat: Chunk             |     1 |    10 |    12 |     9 ||    32
       Ration            |       |       |     3 |       ||     3
Armor: Robe              |     9 |       |       |       ||     9
       Ring mail         |    24 |    14 |       |       ||    38
       Animal skin       |       |    26 |    30 |       ||    56
       Plate armour      |       |       |    67 |       ||    67
       Scale mail        |       |       |    53 |    61 ||   114
Dodge: Dodged            |    48 |    78 |   140 |    72 ||   338
Block: Shield            |       |    49 |   285 |   143 ||   477
